 Dungeon Crawl Stone Soup version 0.29-a0-371-g91724d5b39 (webtiles) character file.

Game seed: 8439313689550623953

203 Shayle the Sneak (level 5, -3/33 HPs)
             Began as a Tengu Brigand on May 2, 2022.
             Slain by a gnoll
             ... wielding a +0 spear
              (7 damage)
             ... on level 4 of the Dungeon.
             The game lasted 00:06:18 (1877 turns).

Shayle the Sneak (Tengu Brigand)                    Turns: 1877, Time: 00:06:19

Health: -3/33      AC:  6    Str: 12    XL:     5   Next: 81%
Magic:  7/7        EV: 12    Int: 13    God:
Gold:   59         SH:  0    Dex: 15    Spells: 4/4 levels left

rFire   . . .      SeeInvis .   u - +0 rapier
rCold   . . .      Faith    .   (no shield)
rNeg    . . .      Spirit   .   i - +0 ring mail
rPois   .          Reflect  .   (helmet restricted)
rElec   .          Harm     .   c - +0 cloak
rCorr   .          Rampage  .   (no gloves)
Will    .....                   (boots unavailable)
Stlth   ++........              (no amulet)
HPRegen 0.11/turn               (no ring)
MPRegen 0.10/turn               (no ring)

@: flying quickly and evasively, quick
A: beak, talons 3, nimble flight
a: no special abilities


You were on level 4 of the Dungeon.
You visited 1 branch of the dungeon, and saw 3 of its levels.

You collected 100 gold pieces.
You spent 41 gold pieces at shops.

Inventory:

Hand Weapons
 a - a +2 dagger
 u - a +0 rapier (weapon)
Missiles
 d - 9 poisoned darts (quivered)
Armour
 b - a +0 robe
 c - a +0 cloak (worn)
 i - a +0 ring mail (worn)
Jewellery
 f - a ring of fire
 t - a ring of see invisible
Wands
 p - a wand of flame (26)
Scrolls
 h - a scroll of blinking {unknown}
 k - a scroll of fear {unknown}
 m - a scroll of noise
 n - 3 scrolls of identify
 r - 2 scrolls of enchant armour {unknown}
 s - 2 scrolls of immolation {unknown}
Potions
 g - 2 potions of brilliance
 j - a potion of ambrosia {unknown}
 o - a potion of degeneration {unknown}
 q - a potion of flight {unknown}


   Skills:
 + Level 3.7 Fighting
 - Level 2.1 Short Blades
 - Level 2.0 Throwing
 + Level 3.0 Armour
 - Level 1.3 Dodging
 - Level 4.0 Stealth
 - Level 0.2 Spellcasting
 + Level 2.5 Invocations


You had 4 spell levels left.
You didn't know any spells.
Your spell library contained the following spells:

 Spells                   Type           Power      Damage    Failure   Level
 Corpse Rot               Necr/Air       0%         N/A       69%         2
 Dispel Undead            Necr           0%         3d6       100%        4
 Death Channel            Necr           0%         N/A       100%        6


Dungeon Overview and Level Annotations

Branches:
Dungeon (2/15)

Altars:
Fedhas

Shops:
D:1 ?(?=


Innate Abilities, Weirdness & Mutations

You have a beak for a mouth.
You have claws for feet.
Your magical nature lets you fly swiftly and evasively.


Message History

Your Armour skill increases to level 3!
Throw: dart (curare)
Press: ? - help, Q - select action, (/) - cycle Shift-Dir - straight line, f - gnoll
Aim: a gnoll, wielding a +0 spear (64% to hit)
You throw a curare-tipped dart.
The curare-tipped dart barely misses the gnoll.
Unknown command.
A gnoll comes into view. It is wielding a +0 spear. x2
You see here an adder corpse.
The gnoll misses you. The goblin hits you but does no damage.
You miss the goblin. The gnoll hits you with a +0 spear.
The goblin hits you with a +0 dagger.
The gnoll hits you from afar with a +0 spear.
You see here an adder corpse.
You closely miss the goblin. You claw the goblin.
You kill the goblin!
The gnoll barely misses you. The gnoll hits you with a +0 spear!
The gnoll barely misses you. The gnoll hits you but does no damage.
Things that are here:
a +0 dagger; a goblin corpse You hit the gnoll but do no damage.
Your kick misses the gnoll.
The gnoll hits you from afar with a +0 spear!
The gnoll hits you from afar with a +0 spear.
The gnoll hits you with a +0 spear.
* * * LOW HITPOINT WARNING * * *
Unknown command.
The gnoll hits you from afar with a +0 spear.
* * * LOW HITPOINT WARNING * * *
You feel better.
The gnoll hits you from afar with a +0 spear.
* * * LOW HITPOINT WARNING * * *
The gnoll closely misses you. The gnoll misses you.
Unknown command.
You feel better. The gnoll hits you but does no damage.
The gnoll hits you from afar with a +0 spear.
The gnoll hits you from afar with a +0 spear!
* * * LOW HITPOINT WARNING * * *
The gnoll hits you from afar with a +0 spear!
You die...

#......<....
#####...........
#...#(..........
#.......(....... .S.[
#.......................
#.......((..............
#.......................
##...gg(g..............
#####..@)...............
#.......†.........).....
#.......................
#.......................
#.......................
#.......................
###.....................
#.....................
#...##################


You could see 3 gnolls.

Vanquished Creatures
  Sigmund (D:2)
  An adder (D:4)
  2 worms (D:2)
  3 ball pythons
  3 bats (D:2)
  An endoplasm (D:4)
  2 giant cockroaches
  6 goblins
  5 hobgoblins
  4 jackals (D:2)
  A quokka (D:2)
  2 frilled lizards (D:2)
  3 kobolds
  2 rats
36 creatures vanquished.

Notes
Turn   | Place    | Note
-------+----------+-------------------------------------------
     0 | D:1      | Shayle the Tengu Brigand began the quest for the Orb.
     0 | D:1      | Reached XP level 1. HP: 12/12 MP: 2/2
    75 | D:1      | Found Kowuz's Magic Scroll Shoppe.
   231 | D:1      | Found Jycail's Antique Weapon Boutique.
   271 | D:1      | Reached XP level 2. HP: 17/17 MP: 3/3
   285 | D:1      | Bought a scroll of noise for 13 gold pieces
   309 | D:1      | Found Poajeisu's Jewellery Boutique.
   407 | D:1      | Found a faded altar of an unknown god.
   443 | D:1      | Found Mosiviojo's Magic Scroll Shop.
   452 | D:1      | Bought a scroll of identify for 28 gold pieces
   869 | D:2      | Noticed Sigmund
   888 | D:2      | Killed Sigmund
   889 | D:2      | Reached XP level 3. HP: 6/23 MP: 3/5
   889 | D:2      | Reached XP level 4. HP: 8/28 MP: 3/6
   889 | D:2      | Gained mutation: Your magical nature lets you fly swiftly
                  | and evasively. [Tengu growth]
   889 | D:2      | Reached XP level 5. HP: 9/32 MP: 3/7
  1673 | D:2      | Found a blossoming altar of Fedhas.
  1803 | D:2      | You are sucked into a shaft and drop 2 floors!
  1877 | D:4      | Slain by a gnoll

Illustrated notes

Levels and vault maps discovered:
D:1:      sevenhm_arrival_forest_fort_small_6, layout_rooms, serial_shops,
          nicolae_diamond_shop, nicolae_shop_statue_plus, shop_scrolls,
          nicolae_shop_hallway_stairs, shapermc_ecumenical_altar_ellora,
          minivault_27, amcnicky_mini_corridor_feature
D:2:      layout_loops_corners, basic_altar, eino_curves_02, uniq_sigmund
D:4:      layout_basic, mainiacjoe_overflow_alcove_4,
          mainiacjoe_overflow_surrounded_room

Skill      XL: |  1  2  3  4  5 |
---------------+----------------+-----
Fighting       | 3 |  3.7
Armour         | 2 3 |  3.0
Invocations    | 2 |  2.5
Short Blades   | |  2.1
Throwing       | |  2.0
Dodging        | |  1.3
Stealth        | |  4.0
Spellcasting   | |  0.2

Action                   |  1- 3 |  4- 6 || total
-------------------------+-------+-------++-------
Melee: Dagger            |    22 |    51 ||    73
       Kick              |     7 |    21 ||    28
       Peck              |     1 |     7 ||     8
       Rapier            |       |    12 ||    12
Throw: Dart              |     6 |     4 ||    10
  Use: Scroll            |     2 |       ||     2
       Potion            |       |     2 ||     2
 Stab: Sleeping          |     6 |     1 ||     7
Armor: Robe              |     1 |       ||     1
       Ring mail         |     1 |    24 ||    25
Dodge: Dodged            |     9 |    36 ||    45

Table legend: (Time is in decaauts)
 A = Elapsed time spent in this place.
 B = Non-inter-level travel time spent in this place.
 C = Inter-level travel time spent in this place.
 D = Time resting spent in this place.
 E = Time spent auto-exploring this place.
 F = Levels seen in this place.
 G = Mean time per level.
                   A        B        C        D        E       F      G
               +--------+--------+--------+--------+--------+-----+--------+
         Total |   1813 |   1774 |     39 |    348 |    982 |   3 |  604.3 |
       Dungeon |   1813 |   1774 |     39 |    348 |    982 |   3 |  604.3 |
               +--------+--------+--------+--------+--------+-----+--------+

Top non-repeatable levels by time:
     D:2: 1006 daAuts
     D:1: 737 daAuts
     D:4: 68 daAuts
